 Dungeon Crawl Stone Soup version 0.28-a0-1524-ge72afd5fc6 (webtiles) character file.

Game seed: 16203696108125263981

72 knot the Chopper (level 4, 33/52 HPs)
             Began as a Demonspawn Berserker on Jan 18, 2022.
             Was a Follower of Trog.
             Quit the game on level 2 of the Dungeon.
             The game lasted 00:01:54 (2001 turns).

knot the Chopper (Demonspawn Berserker)             Turns: 2001, Time: 00:01:54

Health: 33/52      AC:  2    Str: 18    XL:     4   Next: 7%
Magic:  4/4        EV: 12    Int: 10    God:    Trog [*.....]
Gold:   60         SH:  0    Dex: 12    Spells: 3/3 levels left

rFire   . . .      SeeInvis .   a - +0 hand axe
rCold   . . .      Faith    .   (no shield)
rNeg    . . .      Spirit   .   b - +0 animal skin
rPois   .          Reflect  .   (no helmet)
rElec   .          Harm     .   (no cloak)
rCorr   .          Rampage  .   (no gloves)
Will    .....                   (no boots)
Stlth   ..........              (no amulet)
HPRegen 0.17/turn               (no ring)
MPRegen 0.09/turn               (no ring)

@: berserking, very quick
A: demonic guardian 1, weakness stinger 1
a: Renounce Religion, Berserk


You were on level 2 of the Dungeon.
You worshipped Trog.
Trog was aware of your devotion.
You visited 1 branch of the dungeon, and saw 2 of its levels.

You collected 60 gold pieces.

Inventory:

Hand Weapons
 a - a +0 hand axe (weapon)
 j - the +6 hunting sling "Kocoriut" {flame, rPois rCorr Int+2 Stlth-}
   (You found it on level 2 of the Dungeon)

   Any ammunition fired from it burns those it strikes, dealing additional fire
   damage.
   Int:       It affects your intelligence (+2).
   rPois:     It protects you from poison.
   rCorr:     It protects you from acid and corrosion.
   Stlth:     It makes you less stealthy.
Missiles
 c - 21 stones (quivered)
 e - 7 arrows
Armour
 b - a +0 animal skin (worn)
Jewellery
 d - a ring of flight
Scrolls
 f - 2 scrolls of identify {unknown}
 h - a scroll of brand weapon {unknown}
 k - a scroll of magic mapping {unknown}
 l - 2 scrolls of silence {unknown}
Potions
 g - 2 potions of mutation {unknown}
 i - a potion of flight {unknown}
 m - a potion of degeneration {unknown}


   Skills:
 - Level 3.0 Fighting
 + Level 4.5 Axes
 - Level 1.7 Armour
 - Level 1.7 Dodging


You had 3 spell levels left.
You didn't know any spells.
Your spell library contained the following spells:

 Spells                   Type           Power      Damage    Failure   Level
 Dazzling Flash           Conj/Hex       0%         N/A       75%         3
 Iskenderun's Mystic Bla  Conj/Tloc      0%         2d3       98%         4
 Starburst                Conj/Fire      0%         6d3       100%        6


Dungeon Overview and Level Annotations

Branches:
Dungeon (2/15)

Altars:


Innate Abilities, Weirdness & Mutations

A weak demonic guardian rushes to your aid.
You have a small tail.


Message History

A gnoll comes into view. It is wielding a +0 whip.
You shoot a stone. The stone barely misses the gnoll.
The stone hits the gnoll.
The stone burns the gnoll.
The gnoll is heavily wounded.
You shoot a stone. The stone barely misses the gnoll.
A gnoll comes into view. It is wielding a +0 halberd.
You shoot a stone. The stone completely misses the gnoll.
The stone barely misses the gnoll.
You shoot a stone. The stone closely misses the gnoll. x2
The stone hits the gnoll!
The stone burns the gnoll.
You kill the gnoll!
Trog accepts your kill.
You shoot a stone. The stone hits the gnoll.
The stone burns the gnoll.
The gnoll is moderately wounded.
The gnoll barely misses you. The gnoll misses you.
Unknown command.
The +6 hunting sling "Kocoriut" {flame, rPois rCorr Int+2 Stlth-} stops flaming.
a - a +0 hand axe (weapon)
The gnoll barely misses you.
A red film seems to cover your vision as you go berserk!
You feel yourself moving faster!
You feel mighty! The gnoll barely misses you.
The gnoll hits you from afar with a +0 spear!
You hit the gnoll. You tail-slap the gnoll.
You kill the gnoll!
Trog accepts your kill.
The gnoll hits you from afar with a +0 spear!
The gnoll closely misses you.
Things that are here:
a +0 club; a stone; a gnoll corpse You barely miss the gnoll.
The gnoll is heavily wounded.
You hit the gnoll. The gnoll barely misses you. x2
You slash the gnoll!
You kill the gnoll!
Trog accepts your kill.
You slash the gnoll! The gnoll barely misses you.
You have reached level 4!
You feel stronger.
Your demonic ancestry asserts itself...
You feel the presence of a demonic guardian.
Are you sure you want to abandon this character and quit the game? (Confirm with "yes".)

##....#...#...##.#
##<###..#...####.##
...###.##..## #..#
####...##..#
##.###### #
#.##....####
#....).### #
#..).......#
######...###
####..#.>.....#
###...###
##...##.......#####
###...####
...#.##.........@)#
###.....
.#...##.......###g.#
#####.
##.####.......# #..#
## ##.# #.......#
#.# ##.# #########
.). ...# ##. .### (
.# .#


You could see a gnoll.

Vanquished Creatures
  3 gnolls (D:2)
  An adder (D:2)
  A worm (D:2)
  5 endoplasms
  A giant cockroach (D:1)
  2 goblins
  4 hobgoblins
  A quokka (D:1)
  6 ball pythons
  2 bats (D:1)
  A frilled lizard (D:2)
  2 kobolds
  2 rats
31 creatures vanquished.

Notes
Turn   | Place    | Note
-------+----------+-------------------------------------------
     0 | D:1      | knot the Demonspawn Berserker began the quest for the Orb.
     0 | D:1      | Reached XP level 1. HP: 18/18 MP: 1/1
   214 | D:1      | Reached skill level 3 in Axes
   531 | D:1      | Gained mutation: You have a small tail. [demonic ancestry]
   531 | D:1      | Reached XP level 2. HP: 21/24 MP: 2/2
  1845 | D:2      | Identified the +6 hunting sling "Kocoriut" {flame, rPois
                  | rCorr Int+2 Stlth-}
  1855 | D:2      | Reached XP level 3. HP: 25/29 MP: 3/3
  1943 | D:2      | Reached skill level 4 in Axes
  2001 | D:2      | Gained mutation: A weak demonic guardian rushes to your
                  | aid. [demonic ancestry]
  2001 | D:2      | Reached XP level 4. HP: 33/35 MP: 4/4
  2001 | D:2      | Quit the game

Illustrated notes

Levels and vault maps discovered:
D:1:      dpeg_arrival_circle_labyrinth_a, layout_basic
D:2:      layout_rooms

Skill      XL: |  1  2  3 |
---------------+----------+-----
Axes           | 3 4 |  4.5
Fighting       | |  3.0
Armour         | |  1.7
Dodging        | |  1.7

Action                   |  1- 3 |  4- 6 || total
-------------------------+-------+-------++-------
Melee: Hand axe          |    79 |       ||    79
       Tailslap          |     8 |       ||     8
       Punch             |     1 |       ||     1
 Fire: Hunting sling     |    12 |       ||    12
Invok: Berserk           |     3 |       ||     3
 Stab: Sleeping          |     1 |       ||     1
Armor: Animal skin       |    20 |       ||    20
Dodge: Dodged            |    58 |       ||    58

Table legend: (Time is in decaauts)
 A = Elapsed time spent in this place.
 B = Non-inter-level travel time spent in this place.
 C = Inter-level travel time spent in this place.
 D = Time resting spent in this place.
 E = Time spent auto-exploring this place.
 F = Levels seen in this place.
 G = Mean time per level.
                   A        B        C        D        E       F      G
               +--------+--------+--------+--------+--------+-----+--------+
         Total |   2035 |   2019 |     16 |    326 |   1477 |   2 | 1017.5 |
       Dungeon |   2035 |   2019 |     16 |    326 |   1477 |   2 | 1017.5 |
               +--------+--------+--------+--------+--------+-----+--------+

Top non-repeatable levels by time:
     D:1: 1490 daAuts
     D:2: 544 daAuts
